Map: Acid Plant LE

Players

Gemini

  • Race: Protoss Protoss
  • League: Grandmaster
  • Spawn Location: 11:00

A.I. 1 (Very Easy) - Winner!

  • Race: Terran Terran
  • Spawn Location: 5:00

VOD

Have the link to the VOD?

Description

Time

  • Played on: Aug. 25, 2018, 11:11 p.m.
  • Length: 9:30
Show
View Real Time Build Order
Export as new Build Order

Gemini Protoss 

Build Orders: 1 Gate Expand, Double Forge, Blink Stalkers, Colossus Rush 

Get SALT Encoding   

  12  0:01  Probe  
  13  0:13  Probe  
  14  0:17  Pylon  
  14  0:24  Probe  
  15  0:32  Probe  
  15  0:36  Gateway  
  15  0:40  Probe  
  16  0:46  Assimilator  
  17  0:51  Probe  
  18  1:03  Probe  
  19  1:15  Probe  
  20  1:23  Nexus  
  20  1:35  Cybernetics Core  
  20  1:36  Probe  
  21  1:43  Assimilator  
  21  1:48  Probe  
  21  1:51  Pylon  
  22  2:00  Probe  
  23  2:03  Adept  
  23  2:12  Warp Gate  
  23  2:13  Probe  
  26  2:22  Adept  
  26  2:25  Probe  
  27  2:32  Probe  
  30  2:37  Probe  
  30  2:38  Robotics Facility  
  30  2:40  Probe  
  31  2:49  Probe  
  33  2:52  Twilight Council  
  33  2:53  Probe  
  34  3:01  Probe  
  35  3:06  Probe  
  36  3:13  Probe  
  36  3:18  Probe, Gateway  
  36  3:19  Observer, Gateway  
  38  3:21  Blink  
  38  3:25  Probe  
  40  3:30  Probe  
  41  3:34  Stalker  
  41  3:37  Probe  
  41  3:41  Pylon  
  44  3:43  Probe  
  45  3:49  Probe  
  46  3:59  Observer  
  47  4:05  Nexus  
  47  4:06  Pylon  
  47  4:07  Probe x2  
  49  4:14  Assimilator  
  49  4:16  Assimilator  
  49  4:19  Probe  
  49  4:20  Probe  
  49  4:22  Observer  
  52  4:30  Pylon  
  52  4:32  Probe x2  
  52  4:33  Stalker x2  
  52  4:35  Stalker  
  60  4:50  Forge  
  60  4:51  Forge  
  60  4:53  Pylon  
  60  4:54  Protoss Ground Weapons Level 1, Protoss Ground Armor Level 1  
  60  4:59  Robotics Bay  
  60  5:01  Pylon  
  61  5:07  Probe x2  
  61  5:11  Immortal  
  66  5:19  Probe x3  
  69  5:31  Probe x3  
  72  5:39  Colossus  
  72  5:43  Probe x3  
  72  5:46  Observer  
  75  5:54  Charge  
  82  5:57  Probe x3  
  82  6:01  Gateway  
  82  6:04  Gateway  
  84  6:05  Gateway  
  84  6:10  Probe  
  84  6:11  Probe x2, Extended Thermal Lance  
  87  6:20  Assimilator  
  87  6:22  Assimilator  
  87  6:23  Probe x2, Pylon  
  87  6:25  Probe, Protoss Ground Armor Level 2  
  89  6:31  Protoss Ground Weapons Level 2  
  90  6:33  Colossus  
  90  6:36  Stalker  
  90  6:37  Zealot  
  100  6:42  Pylon x2  
  100  6:43  Pylon  
  100  6:48  Zealot  
  102  6:55  Gateway  
  102  6:58  Stalker, Gateway  
  102  6:59  Pylon  
  104  7:04  Probe x2  
  104  7:05  Probe  
  107  7:15  Sentry x3  
  113  7:16  Probe x2, Colossus  
  113  7:17  Zealot x2  
  113  7:22  Pylon  
  125  7:30  Stalker  
  125  7:35  Pylon  
  127  7:40  Stalker x3  
  127  7:43  Zealot  
  135  7:44  Stalker  
  137  7:55  Pylon  
  137  8:00  Pylon  
  137  8:07  Templar Archives, Pylon, Stalker x4  
  137  8:10  Warp Prism  
  137  8:12  Zealot x4  
  155  8:21  Pylon  
  155  8:33  Nexus  
  155  8:36  Pylon  
  155  8:38  Pylon x2  
  155  8:44  High Templar  
  155  8:45  High Templar x3  
  155  8:46  Zealot x4  
  171  8:53  Archon  
  171  8:54  Archon  
  171  9:08  High Templar x2  
  171  9:09  Zealot x2  
  179  9:13  Archon  
  179  9:17  Stalker x4  
Show
View Real Time Build Order
Export as new Build Order

A.I. 1 (Very Easy) Terran - Winner!

Build Orders:  

Get SALT Encoding   

  12  0:00  SCV  
  13  0:13  SCV  
  14  0:18  Supply Depot  
  14  0:38  Refinery  
  14  0:43  Barracks  
  14  1:04  Supply Depot  
  14  1:12  Refinery  
  14  1:30  Marine, Orbital Command  
  15  1:55  SCV  
  16  2:07  SCV  
  17  2:13  Barracks Tech Lab  
  17  2:19  SCV  
  18  2:31  Marauder, SCV  
  21  2:43  SCV  
  22  2:55  SCV  
  23  3:14  Marine  
  24  5:55  SCV  
  24  6:29  Marine, SCV  
  24  6:32  Supply Depot  
  26  6:35  Factory, Command Center  
  26  6:41  SCV  
  27  6:53  SCV  
  28  6:58  Supply Depot  
  28  7:01  Marine  
  28  7:05  SCV  
  25  7:18  SCV  
  25  7:21  Starport  
  26  7:30  SCV  
  26  7:32  Marine  
  28  7:48  SCV  
  28  7:49  Refinery  
  29  7:53  Refinery  
  29  7:55  SCV  
  29  8:00  Starport Tech Lab  
  29  8:02  SCV  
  29  8:04  Marine  
  31  8:09  SCV  
  32  8:17  SCV  
  32  8:19  Raven  
  35  8:24  SCV  
  36  8:31  SCV  
  37  8:35  Marine  
  37  8:38  SCV  
  39  8:45  SCV  
  40  8:52  SCV  
  41  9:00  SCV  
  44  9:07  SCV  
  44  9:08  Marauder  
  47  9:14  SCV  
Tags
 
Add a new tag
Caveats
  • Supply blocks, unpowered buildings, or Contaminate may cause inaccurate times.
  • Supply counts are checked every 10 seconds.